 Dungeon Crawl Stone Soup version 0.20.0-8-g6b59dc7 (webtiles) character file.

301 Locuples the Chopper (level 6, -9/48 HPs)
             Began as a Formicid Fighter on May 31, 2017.
             Mangled by Locuples's ghost (11 damage)
             ... on level 4 of the Dungeon.
             The game lasted 00:08:11 (2297 turns).

Locuples the Chopper (Formicid Fighter)             Turns: 2297, Time: 00:08:11

Health: -9/48      AC: 10    Str: 23    XL:     6   Next: 64%
Magic:  6/6        EV:  8    Int:  7    God:
Gold:   188        SH: 10    Dex: 10    Spells: 5/5 levels left

rFire    . . .     SeeInvis +   a - +0 war axe
rCold    . . .     Gourm    .   c - +0 shield
rNeg     . . .     Faith    .   b - +0 scale mail
rPois    .         Spirit   .   (helmet unavailable)
rElec    .         Reflect  .   A - +2 cloak
rCorr    +         Harm     .   (no gloves)
MR       .....                  (no boots)
Stlth    +.........             p - amulet of rage
Regen    0.2/turn               u - ring of stealth
MPRegen  0.1/turn               z - ring of resist corrosion

@: no status effects
A: permanent stasis, dig shafts and tunnels, four strong arms, antennae 3
a: Dig, Shaft Self


You were on level 4 of the Dungeon.
You were very hungry.

You visited 1 branch of the dungeon, and saw 4 of its levels.

You collected 188 gold pieces.

Inventory:

Hand Weapons
 a - a +0 war axe (weapon)
Armour
 b - a +0 scale mail (worn)
 c - a +0 shield (worn)
 A - a +2 cloak (worn)
Jewellery
 p - an amulet of rage (around neck)
 u - a ring of stealth (left hand)
 z - a ring of resist corrosion (right hand)
 C - an uncursed ring of magical power {unknown}
Scrolls
 e - 2 scrolls of remove curse {unknown}
 h - 8 scrolls of identify {unknown}
 k - 2 scrolls of teleportation {unknown}
 q - a scroll of immolation {unknown}
 r - a scroll of recharging {unknown}
 v - a scroll of blinking {unknown}
 y - a scroll of enchant armour {unknown}
 B - a scroll of enchant weapon {unknown}
Potions
 d - a potion of might
 g - a potion of lignification {unknown}
 i - 2 potions of curing {unknown}
 j - a potion of cancellation {unknown}
 l - a potion of heal wounds {unknown}
 o - a potion of agility {unknown}
 t - 2 potions of ambrosia {unknown}
 w - a potion of haste {unknown}
 x - a potion of berserk rage {unknown}
Comestibles
 f - 4 bread rations
 m - 3 royal jellies
 n - 4 fruits
 s - 3 meat rations


   Skills:
 + Level 4.1 Fighting
 * Level 5.0 Axes
 + Level 4.1 Armour
 + Level 4.7 Shields


You had 5 spell levels left.
You didn't know any spells.

Dungeon Overview and Level Annotations

Branches:
Dungeon (4/15)
 Temple: D:4-7

Altars:
Cheibriados
Ru
Zin

Annotations:
D:4 Locuples's ghost, amateur DsGl


Innate Abilities, Weirdness & Mutations

You cannot be hasted, slowed, berserked, paralysed or teleported.
You can dig through walls and to a lower floor.
Your four strong arms can wield two-handed weapons with a shield.
You have a pair of large antennae on your head. (SInv)


Message History

Locuples's ghost is heavily damaged.
Locuples's ghost hits you.
You closely miss Locuples's ghost.
Locuples's ghost is heavily damaged.
Locuples's ghost closely misses you. Locuples's ghost hits you!
You hit Locuples's ghost but do no damage.
Locuples's ghost is heavily damaged.
Locuples's ghost hits you.
* * * LOW HITPOINT WARNING * * *
You barely miss Locuples's ghost.
Locuples's ghost is heavily damaged.
You block Locuples's ghost's attack.
You hit Locuples's ghost but do no damage.
Locuples's ghost is heavily damaged.
You block Locuples's ghost's attack. Locuples's ghost hits you!
* * * LOW HITPOINT WARNING * * *
Your scale mail prevents you from hitting Locuples's ghost.
Locuples's ghost is heavily damaged.
Locuples's ghost hits you!
You die...

# .# .. #. .# ...
#.##########.#..[.
.........@W..#....
#..............
#.#............#
#.....#...####.##
###.#.#...##)....
###.#.#..........
#<#.#.###........
#.#.#.#.'........
#.#.#.#.#....####


You could see Locuples's ghost.

Vanquished Creatures
  A quasit (D:4)
  Jessica (D:3)
  An orc wizard (D:3)
  Natasha (thrice) (D:2)
  5 adders
  2 oozes
  A worm (D:3)
  3 dart slugs
  A leopard gecko (D:3)
  8 orcs (D:3)
  3 giant cockroaches
  8 goblins
  6 hobgoblins
  5 jackals (D:3)
  9 bats
  6 frilled lizards
  7 kobolds
  6 rats
76 creatures vanquished.

Notes
Turn   | Place    | Note
-------+----------+-------------------------------------------
     0 | D:1      | Locuples the Formicid Fighter began the quest for the Orb.
     0 | D:1      | Reached XP level 1. HP: 18/18 MP: 1/1
   101 | D:1      | Reached XP level 2. HP: 23/24 MP: 2/2
   239 | D:1      | Reached XP level 3. HP: 29/30 MP: 3/3
   958 | D:2      | Noticed Natasha
   963 | D:2      | Killed Natasha
   963 | D:2      | Reached skill level 3 in Axes
   963 | D:2      | Reached XP level 4. HP: 29/37 MP: 4/4
  1137 | D:2      | Reached XP level 5. HP: 36/42 MP: 5/5
  1278 | D:2      | Noticed Natasha
  1292 | D:2      | Killed Natasha
  1324 | D:2      | Noticed Natasha
  1334 | D:2      | Killed Natasha
  1484 | D:2      | Reached skill level 4 in Axes
  1600 | D:3      | Found a snail-covered altar of Cheibriados.
  1612 | D:3      | Found a sacrificial altar of Ru.
  1621 | D:3      | Reached XP level 6. HP: 35/48 MP: 6/6
  1753 | D:3      | Noticed Jessica
  1757 | D:3      | Killed Jessica
  1781 | D:3      | Found a glowing silver altar of Zin.
  2232 | D:4      | Reached skill level 5 in Axes
  2281 | D:4      | Noticed Locuples's ghost (amateur DsGl)
  2296 | D:4      | HP: 2/48 [Locuples's ghost (10)]
  2297 | D:4      | Mangled by Locuples's ghost

Skill      XL: |  1  2  3  4  5  6 |
---------------+-------------------+-----
Shields        | 4 |  4.7
Axes           | 3 4 5 |  5.0
Fighting       | 4 |  4.1
Armour         | 4 |  4.1

Action                   |  1- 3 |  4- 6 || total
-------------------------+-------+-------++-------
Melee: War axe           |    83 |   164 ||   247
 Abil: Dig               |     2 |       ||     2
 Stab: Invisible         |       |     1 ||     1
  Eat: Chunk             |       |     4 ||     4
Armor: Scale mail        |    50 |    78 ||   128
Dodge: Dodged            |    46 |    60 ||   106
Block: Shield            |    60 |    86 ||   146
